 Dungeon Sprint DCSS version 0.21.1-1-g345015f (webtiles) character file.

1532 Fang the Fighter (level 8, -2/86 HPs)
             Began as a Minotaur Berserker on June 5, 2018.
             Was a High Priest of Trog.
             Slain by a wolf spider (19 damage)
             ... in the Dungeon (Sprint V: "Ziggurat Sprint").
             The game lasted 00:02:31 (572 turns).

Fang the Fighter (Minotaur Berserker)                Turns: 572, Time: 00:02:31

Health: -2/86      AC:  4    Str: 38    XL:     8   Next: 55%
Magic:  2/2        EV: 14    Int:  7    God:    Trog [*****.]
Gold:   0          SH:  0    Dex: 10    Spells: 7/7 levels left

rFire    x x .     SeeInvis .   B - +3 executioner's axe (antimagic)
rCold    . . .     Gourm    .   (shield currently unavailable)
rNeg     . . .     Faith    .   C - +2 robe of Coronation {*Contam +Blink rF- Str+8}
rPois    .         Spirit   .   (helmet restricted)
rElec    +         Reflect  .   (no cloak)
rCorr    .         Harm     .   (no gloves)
MR       +....     NoTele   +   (no boots)
Stlth    +.........             j - amulet of Uskayaw's Regard {RegenMP rElec rF- MR+ Int+3}
HPRegen  0.24/turn              G - ring of flight
MPRegen  0.33/turn              F - +6 ring of strength

@: lethally poisoned (-2 -> -32)
A: retaliatory headbutt, horns 2
a: Berserk, Trog's Hand, Brothers in Arms, Burn Spellbooks, Renounce Religion,
Evoke Blink, Evoke Flight


You were in the Dungeon.
You worshipped Trog.
Trog was extremely pleased with you.
You were not hungry.

You visited 1 branch

Inventory:

Hand Weapons
 k - a +5 executioner's axe
 l - a +5 demon trident
 B - a +3 antimagic executioner's axe (weapon)
Armour
 A - a +3 scale mail of magic resistance
 C - the +2 robe of Coronation (worn) {*Contam +Blink rF- Str+8}
   (You found it in the Dungeon)

   It affects your strength (+8).
   It makes you vulnerable to fire.
   It lets you blink.
   It causes magical contamination when unequipped.
Jewellery
 j - the amulet of Uskayaw's Regard (around neck) {RegenMP rElec rF- MR+ Int+3}
   (You found it in the Dungeon)

   [amulet of magic regeneration]

   It increases your magic regeneration.
   It affects your intelligence (+3).
   It makes you vulnerable to fire.
   It insulates you from electricity.
   It affects your resistance to hostile enchantments.
 F - a +6 ring of strength (right hand)
 G - a ring of flight (left hand)
Wands
 x - a wand of disintegration (7)
 y - a wand of iceblast (7)
 z - a wand of acid (7)
Scrolls
 i - 4 scrolls of blinking
 m - 7 scrolls of fog
 n - a scroll of holy word
 o - 5 scrolls of identify
 p - 5 scrolls of remove curse
 q - 2 scrolls of fear
Potions
 d - 10 potions of curing
 e - 10 potions of heal wounds
 f - 6 potions of haste
 g - 7 potions of magic
 h - 3 potions of berserk rage
 r - 2 potions of brilliance
 s - 2 potions of invisibility
 t - 4 potions of resistance
 u - a potion of experience
 v - 5 potions of agility
 w - 5 potions of might
Miscellaneous
 b - a box of beasts
Comestibles
 c - 7 rations


   Skills:
 + Level 13.2 Fighting
 + Level 12.2(13.5) Axes
 + Level 9.9(12.4) Polearms
 + Level 9.2 Armour
 + Level 5.8 Dodging


You had 7 spell levels left.
You didn't know any spells.

Dungeon Overview and Level Annotations

Branches:
Dungeon (1/1)

Altars:
Ashenzari
Cheibriados
Dithmenos
Elyvilon
Fedhas
Gozag
Hepliaklqana
Kikubaaqudgha
Makhleb
Nemelex Xobeh
Okawaru
Qazlal
Ru
Sif Muna
Trog
Uskayaw
Vehumet
Wu Jian
Xom
Yredelemnul
Zin
The Shining One
Beogh
Jiyva
Lugonu

Annotations:
D 1 transporter


Innate Abilities, Weirdness & Mutations

You reflexively headbutt those who attack you in melee.
You have a pair of horns on your head.


Message History

Trog accepts your kill.
You barely miss the wolf spider.
You feel less confused.
* * * LOW HITPOINT WARNING * * *
You feel very sick.
The jumping spider leaps! x2; The wolf spider closely misses you. x2
The scorpion stings you.
* * * LOW HITPOINT WARNING * * *
You are more poisoned.
The scorpion poisons you!
You barely miss the wolf spider. You headbutt the wolf spider.
The wolf spider is severely wounded.
You slice the scorpion!!
You kill the scorpion!
Trog accepts your kill.
You closely miss the tarantella.
* * * LOW HITPOINT WARNING * * *
You feel very sick. The wolf spider hits you!!
You die...

▓▓▓▓▓▓▓▓▓▓▓▓▓▓▓▓▓▓▓
▓..8§8..▓ ▓..)):..▓
▓..):)..▓ ▓.......▓
▓.......▓ ▓.§.....▓
▓..sss..▓ ▓.▓.@.▓.▓
▓...©...▓ ▓▓▓▓▓▓▓▓▓


You could see a wolf spider, a jumping spider and a tarantella.

Vanquished Creatures
  A jumping spider (D)
  A redback (D)
  A tarantella (D)
  A spriggan (D)
  A large abomination (D)
  2 nagas (D)
  A black bear (D)
  2 wolves (D)
  4 scorpions (D)
  2 iron imps (D)
  An iguana (D)
  A white imp (D)
  An ufetubus (D)
  A ball python (D)
  A jackal (D)
21 creatures vanquished.

Notes
Turn   | Place    | Note
-------+----------+-------------------------------------------
     0 | D        | Found the +6 Majin-Bo {vamp, Archmagi MP+6 Int+6}
     0 | D        | Found the +7 great mace "Firestarter" {inner flame, rF++}
     0 | D        | Fang the Minotaur Berserker began the quest for the Orb.
     0 | D        | Reached XP level 1. HP: 19/19 MP: 0/0
     3 | D        | Found a blossoming altar of Fedhas.
     4 | D        | Found a viscous altar of Jiyva.
     4 | D        | Found a hazy altar of Hepliaklqana.
     4 | D        | Found a transporter.
     4 | D        | Found an opulent altar of Gozag.
     4 | D        | Found an ancient bone altar of Kikubaaqudgha.
     4 | D        | Found a corrupted altar of Lugonu.
    10 | D        | Found a burning altar of Makhleb.
    11 | D        | Found a stormy altar of Qazlal.
    11 | D        | Found a sacrificial altar of Ru.
    11 | D        | Found an iron altar of Okawaru.
    11 | D        | Found a deep blue altar of Sif Muna.
    11 | D        | Found a sparkling altar of Nemelex Xobeh.
    11 | D        | Found a bloodstained altar of Trog.
    73 | D        | Entered arena 2.
    73 | D        | Noticed an iguana
    73 | D        | Found a transporter.
    77 | D        | Killed an iguana
    77 | D        | Reached skill level 5 in Fighting
    77 | D        | Reached skill level 5 in Axes
    77 | D        | Reached XP level 2. HP: 29/29 MP: 1/1
    84 | D        | Reached ** piety under Trog
   118 | D        | Entered arena 3.
   118 | D        | Noticed a naga
   118 | D        | Noticed a naga
   118 | D        | Found a transporter.
   124 | D        | Killed a naga
   124 | D        | Reached *** piety under Trog
   124 | D        | Reached skill level 7 in Fighting
   124 | D        | Reached skill level 5 in Armour
   124 | D        | Reached XP level 3. HP: 40/40 MP: 2/2
   124 | D        | Reached XP level 4. HP: 48/48 MP: 3/3
   125 | D        | Killed a naga
   125 | D        | Reached skill level 9 in Fighting
   125 | D        | Reached XP level 5. HP: 57/57 MP: 4/4
   187 | D        | Entered arena 4.
   187 | D        | Noticed a black bear
   187 | D        | Noticed a wolf
   187 | D        | Noticed a wolf
   187 | D        | Noticed a spriggan
   187 | D        | Found a transporter.
   190 | D        | Killed a wolf
   190 | D        | Reached XP level 6. HP: 66/66 MP: 5/5
   191 | D        | Reached skill level 10 in Fighting
   191 | D        | Reached skill level 10 in Axes
   191 | D        | Reached skill level 5 in Polearms
   193 | D        | Killed a spriggan
   193 | D        | Reached **** piety under Trog
   193 | D        | Reached skill level 11 in Fighting
   193 | D        | Reached skill level 5 in Dodging
   193 | D        | Reached XP level 7. HP: 74/74 MP: 6/6
   246 | D        | Entered arena 5.
   246 | D        | Noticed a jumping spider
   246 | D        | Noticed a tarantella
   246 | D        | Found a transporter.
   248 | D        | Killed a tarantella
   249 | D        | Killed a jumping spider
   249 | D        | Reached skill level 12 in Fighting
   251 | D        | Reached ***** piety under Trog
   251 | D        | Reached XP level 8. HP: 85/85 MP: 7/7
   258 | D        | Got the amulet of Uskayaw's Regard {RegenMP rElec rF- MR+ Int+3}
   282 | D        | Entered arena 6.
   282 | D        | Found a transporter.
   287 | D        | Received a gift from Trog
   313 | D        | Got the +2 robe of Coronation {*Contam +Blink rF- Str+8}
   565 | D        | Entered arena 7.
   565 | D        | Noticed a wolf spider
   565 | D        | Noticed a jumping spider
   566 | D        | Found a transporter.
   568 | D        | Reached skill level 13 in Fighting
   572 | D        | Slain by a wolf spider

Skill      XL: |  1  2  3  4  5  6  7  8 |
---------------+-------------------------+-----
Fighting       | 5 7 9 11 12 13 | 13.2
Axes           | 5 7 9 10 11 12 | 12.2
Armour         | 3 5 6 7 8 9 |  9.2
Polearms       | 2 3 4 5 8 9 |  9.9
Dodging        | 3 4 5 |  5.8

Action                   |  1- 3 |  4- 6 |  7- 9 || total
-------------------------+-------+-------+-------++-------
Melee: Demon trident     |     8 |     6 |    24 ||    38
       Headbutt          |       |       |     8 ||     8
       Executioner's axe |       |       |     4 ||     4
Invok: Berserk           |     2 |     1 |     2 ||     5
       Burn Spellbooks   |     1 |       |       ||     1
  Eat: Chunk             |       |       |     3 ||     3
Armor: Shadow dragon sca |     3 |     1 |     2 ||     6
       Scale mail        |       |       |     7 ||     7
       Robe              |       |       |     1 ||     1
Dodge: Dodged            |     2 |     4 |    18 ||    24
